 Dungeon Crawl Stone Soup version 0.31-a0-840-g6d2ecbb638 (webtiles) character file.

Game seed: 7990584802492957417

106 Ijustatesigmund the Magician (level 4, -2/24 HPs)
             Began as a Deep Elf Fire Elementalist on Sept 27, 2023.
             Slain by Sigmund
             ... wielding a +0 scythe
              (7 damage)
             ... on level 2 of the Dungeon.
             The game lasted 00:04:42 (2165 turns).

Ijustatesigmund the Magician (DEFE)                 Turns: 2165, Time: 00:04:42

Health: -2/24      AC:  3    Str:  5    XL:     4   Next: 55%
Magic:  5/12       EV: 12    Int: 22    God:
Gold:   114        SH:  0    Dex: 15    Spells: 9/12 levels left

rFire   . . .        f - +0 spear
rCold   . . .        (no shield)
rNeg    . . .        a - +1 robe
rPois   .            (no helmet)
rElec   .            (no cloak)
rCorr   .            (no gloves)
SInv    .            (no boots)
Will    .....        (no amulet)
Stlth   ++           (no ring)
HPRegen 0.24/turn    (no ring)
MPRegen 0.13/turn

%: no passive effects
@: no status effects
A: no striking features
a: no special abilities


You were on level 2 of the Dungeon.
You visited 1 branch of the dungeon, and saw 2 of its levels.

You collected 114 gold pieces.

Inventory:

Hand Weapons
 f - a +0 spear (weapon)
Armour
 a - a +1 robe (worn)
Potions
 b - a potion of magic
 c - a potion of enlightenment
 d - a potion of berserk rage {unknown}


   Skills:
 - Level 2.4 Dodging
 - Level 2.4 Stealth
 + Level 4.5 Spellcasting
 + Level 2.9 Conjurations
 + Level 4.3 Fire Magic


You had 9 spell levels left.
You knew the following spells:

 Your Spells              Type           Power      Damage    Failure   Level
a - Foxfire               Conj/Fire      80%        2x1d8     2%          1
b - Scorch                Fire           46%        2d6       2%          2

Your spell library contained the following spells:

 Spells                   Type           Power      Damage    Failure   Level
 Inner Flame              Hex/Fire       14%        N/A       13%         3
 Volatile Blastmotes      Fire/Tloc      28%        2d12      13%         3
 Poisonous Vapours        Pois/Air       8%         N/A       16%         2
 Mephitic Cloud           Conj/Pois/Air  9%         N/A       22%         3
 Flame Wave               Conj/Fire      20%        2d7       24%         4
 Freezing Cloud           Conj/Ice/Air   4%         6-21      89%         5


Dungeon Overview and Level Annotations

Branches:
Dungeon (2/15)

Altars:

Annotations:
D:2 Sigmund


Message History

The foxfire hits Sigmund but does no damage.
Sigmund is lightly wounded.
Casting: Foxfire (safe; 2% risk of failure)
Confirm with . or Enter, or press ? or * to list all spells.
You conjure some foxfire!
A bat comes into view.
The foxfire hits Sigmund.
Sigmund is lightly wounded.
The foxfire hits Sigmund.
Sigmund is moderately wounded.
Casting: Foxfire (safe; 2% risk of failure)
Confirm with . or Enter, or press ? or * to list all spells.
You can't see any susceptible monsters within range! (Use Z to cast anyway.)
Casting: Foxfire (safe; 2% risk of failure)
Confirm with . or Enter, or press ? or * to list all spells.
You conjure some foxfire!
The foxfire hits Sigmund.
Sigmund is heavily wounded.
The foxfire hits Sigmund but does no damage.
Sigmund is heavily wounded.
Casting: Foxfire (safe; 2% risk of failure)
Confirm with . or Enter, or press ? or * to list all spells.
Flames lash Sigmund.
Sigmund is severely wounded.
Sigmund's fire resistance burns away.
Sigmund gestures at you while chanting. The puff of flame hits you!
Casting: Scorch (safe; 2% risk of failure)
Confirm with . or Enter, or press ? or * to list all spells.
Flames lash the bat.
You kill the bat!
Sigmund hits you from afar with a +0 scythe!
* * * LOW HITPOINT WARNING * * *
Sigmund is no longer more vulnerable to fire.
Casting: Scorch (safe; 2% risk of failure)
Confirm with . or Enter, or press ? or * to list all spells.
You conjure some foxfire!
Sigmund hits you from afar with a +0 scythe!
You die...
Sigmund begins carving another notch in his scythe.

#.#######.#
#.#######.#
#.##......###
#.##.###.....
#.##.# ##.##.
#.##.# #.##.
#.##.# #.##.
######.##†# #.##.
#@v.......####.##.
#v####.........##.
#@# ############.
#.# #. #.# #. #.#
#########. #.#
#......... #.#
#.######## #.# #.#


You could see Sigmund (ally target).

Vanquished Creatures
  Terence (D:2)
  2 adders (D:2)
  A worm (D:2)
  A dart slug (D:1)
  7 endoplasms
  10 goblins
  7 hobgoblins (D:1)
  2 kobolds (D:2)
  2 quokkas
  7 ball pythons
  8 bats
  2 frilled lizards
  5 rats
55 creatures vanquished.

Vanquished Creatures (others)
  100 foxfires
100 creatures vanquished.

Grand Total: 155 creatures vanquished

Notes
Turn   | Place    | Note
-------+----------+-------------------------------------------
     0 | D:1      | Ijustatesigmund the Deep Elf Fire Elementalist began the
                  | quest for the Orb.
     0 | D:1      | Reached XP level 1. HP: 10/10 MP: 6/6
     3 | D:1      | Noticed an electric eel
     6 | D:1      | Noticed an electric eel
   122 | D:1      | Reached XP level 2. HP: 15/15 MP: 4/8
   132 | D:1      | Learned a level 2 spell: Scorch
   527 | D:1      | Reached XP level 3. HP: 8/19 MP: 0/10
  1462 | D:2      | Noticed Terence
  1495 | D:2      | Killed Terence
  1496 | D:2      | Reached XP level 4. HP: 5/24 MP: 6/12
  2150 | D:2      | Noticed Sigmund
  2165 | D:2      | Slain by Sigmund

Illustrated notes

Levels and vault maps discovered:
D:1:      arrival_aquarium_b, layout_rooms, minmay_tripent
D:2:      layout_loops_ring, uniq_sigmund, uniq_natasha, uniq_terence

Skill      XL: |  1  2  3 |
---------------+----------+-----
Conjurations   | 2 |  2.9
Spellcasting   | 4 |  4.5
Fire Magic     | 4 |  4.3
Dodging        | |  2.4
Stealth        | |  2.4

Action                     |  1- 3 |  4- 6 || total
---------------------------+-------+-------++-------
  Melee: Spear             |     1 |       ||     1
   Cast: Foxfire           |    44 |    18 ||    62
         Scorch            |    16 |    13 ||    29
    Use: Scroll            |     2 |     1 ||     3
         Potion            |     2 |       ||     2
 Armour: Robe              |    22 |     4 ||    26
  Dodge: Dodged            |    28 |     3 ||    31

Table legend: (Time is in decaauts)
 A = Elapsed time spent in this place.
 B = Non-inter-level travel time spent in this place.
 C = Inter-level travel time spent in this place.
 D = Time resting spent in this place.
 E = Time spent auto-exploring this place.
 F = Levels seen in this place.
 G = Mean time per level.
                   A        B        C        D        E       F      G
               +--------+--------+--------+--------+--------+-----+--------+
         Total |   2150 |   2134 |     16 |    619 |   1162 |   2 | 1075.0 |
       Dungeon |   2150 |   2134 |     16 |    619 |   1162 |   2 | 1075.0 |
               +--------+--------+--------+--------+--------+-----+--------+

Top non-repeatable levels by time:
     D:1: 1199 daAuts
     D:2: 951 daAuts
